[ PARTIDA AOE2 · #506176638 ]
UnrankedEtíopes vs Burgundians
Equipo del jugador · VICT
Equipo rival · DERR
[ ANÁLISIS DE REPETICIÓN · EXTRAÍDO DE LA PARTIDA GRABADA ]
Feudal
—
Castillos
—
Imperial
—
| APM promedio | 35.9 |
| APM pico | 100 |
| eAPM promedio | 20.6 |
| Aldeanos / militares | 143 / 343 |
Foco
⚔️ 48.8% · 🌾 51.2%
Spearman ×151 · Archer ×77 · Shotel Warrior ×64 · Skirmisher ×28 · Bombard Cannon ×19 · Scorpion ×4
Feudal
—
Castillos
—
Imperial
—
| APM promedio | 39.2 |
| APM pico | 99 |
| eAPM promedio | 18.6 |
| Aldeanos / militares | 87 / 419 |
Foco
⚔️ 59.6% · 🌾 40.4%
Skirmisher ×240 · Knight ×107 · Hand Cannoneer ×56 · Flemish Militia ×7 · Bombard Cannon ×6 · Monk ×3
Mapa de la partida
Recursos iniciales + cada clic de construcción. Líneas = muros · curvas = relieve. ◆ oro · ⬟ piedra · ● bayas · ✦ reliquia · ◌ hueco del cierre
Tu base· ✓ Cerrada en 13:29 · 0t muro · 3 puerta(s)
Base de MikaPika7232· ✓ Cerrada en 13:15 · 0t muro · 2 puerta(s)
Terreno inicial suavizado · ◌ = hueco del cierre detectado · pasá el cursor para detalles
Inputs por minuto
— fidelon33 - - MikaPika7232
Build order — fidelon33
Primeras 150 de 668 acciones detectadas
| 0:01 | Encolar | Villager (Male) |
| 0:01 | Encolar | Villager (Male) |
| 0:02 | Encolar | Villager (Male) |
| 0:02 | Encolar | Villager (Male) |
| 0:04 | Construir | House |
| 0:06 | Construir | House |
| 1:23 | Encolar | Villager (Male) |
| 1:23 | Encolar | Villager (Male) |
| 1:55 | Encolar | Villager (Male) |
| 1:55 | Encolar | Villager (Male) |
| 1:55 | Encolar | Villager (Male) |
| 2:08 | Construir | Lumber Camp |
| 2:27 | Construir | Lumber Camp |
| 2:31 | Encolar | Villager (Male) |
| 2:31 | Encolar | Villager (Male) |
| 2:31 | Encolar | Villager (Male) |
| 2:55 | Encolar | Villager (Male) |
| 2:55 | Encolar | Villager (Male) |
| 2:55 | Encolar | Villager (Male) |
| 3:41 | Encolar | Villager (Male) |
| 3:42 | Encolar | Villager (Male) |
| 3:54 | Construir | House |
| 3:56 | Construir | House |
| 3:57 | Construir | House |
| 4:32 | Encolar | Villager (Male) |
| 4:32 | Encolar | Villager (Male) |
| 4:42 | Construir | Mill |
| 5:02 | Encolar | Villager (Male) |
| 5:02 | Encolar | Villager (Male) |
| 5:02 | Encolar | Villager (Male) |
| 5:03 | Encolar | Villager (Male) |
| 5:57 | Encolar | Villager (Male) |
| 5:57 | Encolar | Villager (Male) |
| 5:57 | Encolar | Villager (Male) |
| 5:58 | Encolar | Villager (Male) |
| 6:30 | Construir | Lumber Camp |
| 6:54 | Encolar | Villager (Male) |
| 6:55 | Encolar | Villager (Male) |
| 6:55 | Encolar | Villager (Male) |
| 7:37 | Construir | Mill |
| 7:55 | Encolar | Villager (Male) |
| 8:33 | Encolar | Villager (Male) |
| 8:34 | Encolar | Villager (Male) |
| 8:59 | Encolar | Villager (Male) |
| 8:59 | Encolar | Villager (Male) |
| 8:59 | Encolar | Villager (Male) |
| 9:07 | Encolar | Villager (Male) |
| 9:27 | Construir | Mining Camp |
| 9:31 | Investigar | Feudal Age |
| 9:53 | Construir | Mining Camp |
| 10:09 | Encolar | Villager (Male) |
| 10:09 | Encolar | Villager (Male) |
| 10:58 | Construir | Farm |
| 12:15 | Construir | Market |
| 12:19 | Construir | Blacksmith |
| 12:34 | Investigar | Double-Bit Axe |
| 12:39 | Investigar | Horse Collar |
| 12:58 | Construir | Farm |
| 12:59 | Construir | Farm |
| 13:01 | Construir | Farm |
| 13:03 | Construir | Farm |
| 13:04 | Construir | Farm |
| 13:29 | Investigar | Castle Age |
| 13:39 | Construir | Farm |
| 14:00 | Construir | Farm |
| 14:07 | Encolar | Villager (Male) |
| 14:07 | Encolar | Villager (Male) |
| 14:16 | Construir | House |
| 14:17 | Construir | House |
| 14:20 | Construir | House |
| 14:21 | Construir | House |
| 14:49 | Construir | House |
| 14:51 | Construir | House |
| 14:57 | Construir | House |
| 15:02 | Encolar | Villager (Male) |
| 15:02 | Encolar | Villager (Male) |
| 15:46 | Investigar | Double-Bit Axe |
| 15:48 | Investigar | Horse Collar |
| 16:27 | Construir | Town Center |
| 16:34 | Construir | Town Center |
| 16:39 | Investigar | Bow Saw |
| 16:41 | Investigar | Heavy Plow |
| 16:43 | Encolar | Villager (Male) |
| 16:58 | Construir | House |
| 16:59 | Construir | House |
| 17:01 | Construir | House |
| 17:22 | Construir | House |
| 17:35 | Encolar | Villager (Male) |
| 17:35 | Encolar | Villager (Male) |
| 17:39 | Encolar | Villager (Male) |
| 17:39 | Encolar | Villager (Male) |
| 18:00 | Encolar | Villager (Male) |
| 18:01 | Encolar | Villager (Male) |
| 18:08 | Construir | Farm |
| 18:13 | Construir | Farm |
| 18:16 | Construir | Farm |
| 18:21 | Construir | Farm |
| 18:25 | Construir | Farm |
| 18:29 | Construir | Farm |
| 18:31 | Encolar | Villager (Male) |
| 18:31 | Encolar | Villager (Male) |
| 18:40 | Encolar | Villager (Male) |
| 18:41 | Encolar | Villager (Male) |
| 18:57 | Encolar | Villager (Male) |
| 18:57 | Encolar | Villager (Male) |
| 19:03 | Encolar | Villager (Male) |
| 19:05 | Encolar | Villager (Male) |
| 19:06 | Encolar | Villager (Male) |
| 19:14 | Encolar | Villager (Male) |
| 19:14 | Encolar | Villager (Male) |
| 19:15 | Encolar | Villager (Male) |
| 19:17 | Encolar | Villager (Male) |
| 19:17 | Encolar | Villager (Male) |
| 19:19 | Encolar | Villager (Male) |
| 19:27 | Construir | Farm |
| 19:29 | Construir | Farm |
| 19:30 | Construir | Farm |
| 19:36 | Construir | Farm |
| 19:37 | Construir | Farm |
| 19:37 | Construir | Farm |
| 19:38 | Construir | Farm |
| 19:45 | Construir | Farm |
| 19:54 | Construir | Farm |
| 19:57 | Encolar | Villager (Male) |
| 19:58 | Encolar | Villager (Male) |
| 19:59 | Encolar | Villager (Male) |
| 20:15 | Construir | Farm |
| 20:24 | Construir | Lumber Camp |
| 20:27 | Encolar | Villager (Male) |
| 20:27 | Encolar | Villager (Male) |
| 20:28 | Encolar | Villager (Male) |
| 20:28 | Encolar | Villager (Male) |
| 20:41 | Construir | Farm |
| 20:42 | Construir | Farm |
| 20:42 | Construir | Farm |
| 20:42 | Construir | Farm |
| 20:43 | Construir | Farm |
| 20:44 | Construir | Farm |
| 20:44 | Construir | Farm |
| 20:44 | Construir | Farm |
| 20:44 | Construir | Farm |
| 20:45 | Construir | Farm |
| 20:45 | Construir | Farm |
| 20:45 | Construir | Farm |
| 20:46 | Construir | Farm |
| 20:54 | Construir | Farm |
| 20:54 | Construir | Farm |
| 20:54 | Construir | Farm |
| 20:55 | Construir | Farm |
| 20:55 | Construir | Farm |
Build order — MikaPika7232
Primeras 150 de 671 acciones detectadas
| 0:01 | Encolar | Villager (Male) |
| 0:02 | Encolar | Villager (Male) |
| 0:02 | Encolar | Villager (Male) |
| 0:03 | Encolar | Villager (Male) |
| 0:05 | Construir | House |
| 0:07 | Construir | House |
| 1:27 | Encolar | Villager (Male) |
| 2:11 | Encolar | Villager (Male) |
| 2:42 | Encolar | Villager (Male) |
| 2:42 | Encolar | Villager (Male) |
| 3:09 | Encolar | Villager (Male) |
| 3:14 | Encolar | Villager (Male) |
| 3:20 | Construir | Lumber Camp |
| 3:36 | Encolar | Villager (Male) |
| 4:06 | Encolar | Villager (Male) |
| 4:13 | Construir | House |
| 4:26 | Construir | House |
| 4:32 | Encolar | Villager (Male) |
| 5:10 | Investigar | Double-Bit Axe |
| 5:33 | Encolar | Villager (Male) |
| 5:35 | Encolar | Villager (Male) |
| 5:48 | Construir | Mill |
| 6:04 | Encolar | Villager (Male) |
| 6:39 | Encolar | Villager (Male) |
| 6:58 | Encolar | Villager (Male) |
| 7:12 | Construir | Mill |
| 7:42 | Encolar | Villager (Male) |
| 7:53 | Encolar | Villager (Male) |
| 8:16 | Construir | House |
| 8:33 | Investigar | Wheelbarrow |
| 8:44 | Construir | Farm |
| 8:54 | Construir | Mining Camp |
| 9:19 | Investigar | Feudal Age |
| 9:34 | Investigar | Horse Collar |
| 10:06 | Construir | House |
| 10:19 | Construir | Barracks |
| 10:45 | Encolar | Villager (Male) |
| 11:08 | Encolar | Villager (Male) |
| 11:08 | Encolar | Villager (Male) |
| 11:48 | Encolar | Villager (Male) |
| 12:09 | Construir | Market |
| 12:13 | Construir | Blacksmith |
| 12:37 | Construir | Farm |
| 12:44 | Construir | Farm |
| 13:15 | Investigar | Castle Age |
| 13:20 | Construir | Farm |
| 13:23 | Construir | Farm |
| 13:37 | Encolar | Flemish Militia |
| 14:02 | Encolar | Flemish Militia |
| 14:08 | Encolar | Villager (Male) |
| 14:17 | Construir | Farm |
| 14:22 | Construir | Farm |
| 14:24 | Encolar | Flemish Militia |
| 15:01 | Encolar | Flemish Militia |
| 15:24 | Encolar | Flemish Militia |
| 15:33 | Investigar | Forging |
| 15:44 | Encolar | Flemish Militia |
| 15:49 | Construir | Farm |
| 15:50 | Construir | Farm |
| 15:51 | Construir | Farm |
| 15:59 | Construir | House |
| 16:02 | Construir | House |
| 16:04 | Construir | House |
| 16:19 | Encolar | Villager (Male) |
| 16:29 | Construir | Monastery |
| 16:39 | Construir | Farm |
| 16:42 | Encolar | Villager (Male) |
| 16:49 | Encolar | Flemish Militia |
| 17:04 | Encolar | Monk |
| 17:16 | Encolar | Villager (Male) |
| 17:16 | Encolar | Villager (Male) |
| 17:30 | Construir | Farm |
| 17:32 | Construir | Farm |
| 17:53 | Encolar | Monk |
| 17:55 | Encolar | Villager (Male) |
| 18:18 | Encolar | Monk |
| 18:37 | Encolar | Villager (Male) |
| 18:37 | Encolar | Villager (Male) |
| 18:45 | Construir | Town Center |
| 18:54 | Construir | House |
| 18:56 | Construir | House |
| 19:07 | Encolar | Villager (Male) |
| 19:08 | Encolar | Villager (Male) |
| 19:28 | Encolar | Villager (Male) |
| 19:28 | Encolar | Villager (Male) |
| 19:49 | Construir | Town Center |
| 20:02 | Encolar | Villager (Male) |
| 20:02 | Encolar | Villager (Male) |
| 20:29 | Construir | Farm |
| 20:33 | Encolar | Villager (Male) |
| 20:34 | Encolar | Villager (Male) |
| 20:34 | Encolar | Villager (Male) |
| 20:47 | Construir | Lumber Camp |
| 21:03 | Encolar | Villager (Male) |
| 21:04 | Encolar | Villager (Male) |
| 21:14 | Construir | House |
| 21:15 | Construir | House |
| 21:16 | Construir | House |
| 21:16 | Construir | House |
| 21:16 | Construir | House |
| 21:37 | Construir | Farm |
| 21:41 | Encolar | Villager (Male) |
| 21:41 | Encolar | Villager (Male) |
| 22:26 | Investigar | Hand Cart |
| 22:26 | Encolar | Villager (Male) |
| 22:26 | Encolar | Villager (Male) |
| 22:33 | Construir | Farm |
| 22:34 | Construir | Farm |
| 23:02 | Construir | University |
| 23:09 | Encolar | Villager (Male) |
| 23:13 | Encolar | Villager (Male) |
| 23:29 | Investigar | Imperial Age |
| 23:29 | Investigar | Imperial Age |
| 23:31 | Investigar | Loom |
| 23:32 | Encolar | Villager (Male) |
| 23:50 | Investigar | Imperial Age |
| 23:51 | Encolar | Villager (Male) |
| 23:52 | Encolar | Villager (Male) |
| 23:52 | Encolar | Villager (Male) |
| 23:54 | Encolar | Villager (Male) |
| 23:58 | Construir | Stable |
| 24:02 | Investigar | Scale Barding Armor |
| 24:30 | Construir | Archery Range |
| 24:47 | Investigar | Squires |
| 25:00 | Encolar | Villager (Male) |
| 25:01 | Encolar | Villager (Male) |
| 25:02 | Encolar | Villager (Male) |
| 25:06 | Construir | House |
| 25:08 | Construir | House |
| 25:25 | Investigar | Gold Mining |
| 25:40 | Investigar | Cavalier (upgrade) |
| 25:50 | Construir | Stable |
| 25:56 | Investigar | Husbandry |
| 25:58 | Investigar | Chain Barding Armor |
| 25:58 | Investigar | Iron Casting |
| 26:09 | Investigar | Elite Skirmisher (upgrade) |
| 26:17 | Encolar | Skirmisher |
| 26:17 | Encolar | Skirmisher |
| 26:24 | Construir | House |
| 26:26 | Construir | House |
| 26:28 | Construir | House |
| 26:29 | Construir | House |
| 26:29 | Construir | House |
| 26:30 | Construir | House |
| 26:34 | Construir | Farm |
| 26:36 | Construir | Farm |
| 26:37 | Construir | Farm |
| 26:40 | Investigar | Stone Mining |
| 26:57 | Construir | Castle |
| 27:08 | Investigar | Chemistry |
Cronología de la partida
| 10:19 | MikaPika7232 · first_building Barracks |
| 13:18 | fidelon33 · first_market_buy 100 food |
| 16:29 | MikaPika7232 · first_building Monastery |
| 22:10 | fidelon33 · wall_segment Stone Wall x5 |
| 23:58 | MikaPika7232 · first_building Stable |
| 24:30 | MikaPika7232 · first_building Archery Range |
| 26:29 | fidelon33 · first_building Castle |
| 26:57 | MikaPika7232 · first_building Castle |
| 27:07 | fidelon33 · first_market_sell 100 food |
| 28:09 | fidelon33 · first_building Barracks |
| 28:16 | MikaPika7232 · first_building Siege Workshop |
| 29:39 | fidelon33 · first_building Archery Range |
| 31:04 | MikaPika7232 · first_market_sell 100 stone |
| 32:15 | fidelon33 · first_building Siege Workshop |
| 58:50 | MikaPika7232 · resign |
[ ANÁLISIS IA · 1 CRÉDITO ]
¿Qué pasó realmente en esta partida?
Wolo.gg analiza cada decisión: build order, eco, micro, errores típicos por bracket. Análisis personalizado por WhatsApp o Discord en 30 segundos.
Guía civ
Etíopes
Perfil
fidelon33